 Dungeon Crawl Stone Soup version 0.28-a0-1190-g77e1c55843 (webtiles) character file.

Game seed: 2833964109317239353

936 Gwenloh the Covered (level 8, -1/62 HPs)
             Began as a Human Fighter on Dec 18, 2021.
             Slain by a gnoll (8 damage)
             ... on level 4 of the Dungeon.
             The game lasted 00:13:33 (6390 turns).

Gwenloh the Covered (Human Fighter)                 Turns: 6390, Time: 00:13:33

Health: -1/62      AC:  8    Str: 18    XL:     8   Next: 33%
Magic:  8/8        EV:  7    Int: 14    God:
Gold:   350        SH:  9    Dex: 14    Spells: 7/7 levels left

rFire   . . .      SeeInvis .   a - +0 long sword
rCold   . . .      Faith    .   p - +0 kite shield
rNeg    . . .      Spirit   .   b - +0 scale mail
rPois   .          Reflect  .   (no helmet)
rElec   .          Harm     .   q - +0 cloak
rCorr   .          Rampage  .   (no gloves)
Will    .....                   (no boots)
Stlth   ..........              (no amulet)
HPRegen 0.20/turn               r - +6 ring of intelligence
MPRegen 0.11/turn               (no ring)

@: mighty, lethally poisoned (-1 -> -7)
A: no striking features
a: no special abilities


You were on level 4 of the Dungeon.
You visited 1 branch of the dungeon, and saw 5 of its levels.

You collected 350 gold pieces.

Inventory:

Hand Weapons
 a - a +0 long sword (weapon)
 g - a +0 short sword of holy wrath
Missiles
 h - 39 bolts
 m - 60 sling bullets
 n - 49 stones (quivered)
Armour
 b - a +0 scale mail (worn)
 c - a +0 buckler
 p - a +0 kite shield (worn)
 q - a +0 cloak (worn)
 w - the +2 helmet "Culyrhou" {-Tele rPois Str-3 Int+9}
   (You found it on level 4 of the Dungeon)

   Str:       It affects your strength (-3).
   Int:       It affects your intelligence (+9).
   rPois:     It protects you from poison.
   -Tele:     It prevents most forms of teleportation.
Jewellery
 r - a +6 ring of intelligence (left hand)
Scrolls
 i - 2 scrolls of amnesia {unknown}
 k - 2 scrolls of teleportation {unknown}
 o - 2 scrolls of identify {unknown}
 t - a scroll of holy word {unknown}
 u - a scroll of acquirement {unknown}
 v - a scroll of immolation {unknown}
 x - a scroll of fear {unknown}
 y - a scroll of summoning {unknown}
Potions
 d - a potion of might
 e - 3 potions of heal wounds {unknown}
 f - 2 potions of attraction {unknown}
 j - a potion of curing {unknown}
 l - a potion of lignification {unknown}
 s - a potion of ambrosia {unknown}
 z - a potion of magic {unknown}


   Skills:
 + Level 5.3 Fighting
 + Level 4.9 Long Blades
 + Level 5.4 Armour
 - Level 0.3 Dodging
 + Level 5.3 Shields


You had 7 spell levels left.
You didn't know any spells.
Your spell library contained the following spells:

 Spells                   Type           Power      Damage    Failure   Level
 Animate Skeleton         Necr           0%         N/A       96%         1
 Apportation              Tloc           0%         N/A       96%         1
 Slow                     Hex            0%         N/A       96%         1
 Summon Small Mammal      Summ           0%         N/A       96%         1
 Ensorcelled Hibernation  Hex/Ice        0%         N/A       99%         2
 Call Canine Familiar     Summ           0%         N/A       100%        3
 Confusing Touch          Hex            0%         N/A       100%        3
 Stone Arrow              Conj/Erth      0%         3d7       100%        3
 Summon Guardian Golem    Hex/Summ       0%         N/A       100%        3
 Tukima's Dance           Hex            0%         N/A       100%        3
 Vampiric Draining        Necr           0%         2d6       100%        3
 Animate Armour           Summ/Erth      0%         N/A       100%        4
 Blade Hands              Tmut           0%         N/A       100%        5
 Iron Shot                Conj/Erth      0%         9d1       100%        6
 Lehudib's Crystal Spear  Conj/Erth      0%         10d2      100%        8


Dungeon Overview and Level Annotations

Branches:
Dungeon (5/15)
 Temple: D:4-7

Altars:
Beogh

Annotations:
D:5 Pikel


Message History

You block the scorpion's attack. The scorpion barely misses you.
The gnoll hits you from afar with a +0 halberd.
The scorpion stings you.
You are poisoned.
The scorpion poisons you!
You feel very sick.
You feel very sick.
You feel sick. You block the scorpion's attack.
You feel sick.
You closely miss the scorpion.
You feel sick. The scorpion stings you. You block the gnoll's attack.
You barely miss the scorpion.
You feel sick. The scorpion stings you. The gnoll hits you but does no damage.
You block the scorpion's attack.
You feel very mighty all of a sudden.
You feel sick. The scorpion barely misses you. You block the gnoll's attack.
You slash the scorpion!
The scorpion is heavily wounded.
You feel sick.
You are no longer poisoned.
The scorpion stings you.
You are poisoned.
The scorpion poisons you!
The gnoll hits you from afar with a +0 halberd.
The scorpion stings you but does no damage.
The gnoll hits you from afar with a +0 halberd!
* * * LOW HITPOINT WARNING * * *
You closely miss the scorpion.
The scorpion is heavily wounded.
* * * LOW HITPOINT WARNING * * *
You feel very sick. You block the scorpion's attack.
The gnoll closely misses you.
The scorpion stings you but does no damage.
You slash the scorpion!
You kill the scorpion!
* * * LOW HITPOINT WARNING * * *
You feel very sick. The gnoll hits you but does no damage.
* * * LOW HITPOINT WARNING * * *
You feel sick. The gnoll hits you with a +0 halberd!
You die...

#...........##...........#
#####.#########..#########
#....# #.## #.#### #.# #.#
#.# ####### ## #.# #.#
#...<.# #. #.# #.#
#.###.##### #. #.# #.# #.#
#.....# #. #.# #@#
#.###.###)# #. #.#######
#g###.....# #.###.
#.......# #....##.###
#.##.. #######)# #..#....#
#..... #.# #....####
####.. #.# #>#[## ##. #)#
#.#.#############.
##>######.................
#)#.........##############


You could see a gnoll.

Vanquished Creatures
  Sigmund (D:2)
  A black bear (D:4)
  A gnoll sergeant (D:4)
  A wyvern zombie (D:5)
  A scorpion (D:4)
  A jelly (D:4)
  3 orc priests
  A centaur skeleton (D:4)
  A bullfrog skeleton (D:4)
  A hound (D:4)
  2 iguanas (D:5)
  An orc wizard (D:3)
  A hound skeleton (D:4)
  7 adders
  5 gnolls
  A shadow imp (D:3)
  4 worms
  9 orcs
  9 ball pythons
  3 bats
  6 endoplasms
  9 goblins
  7 hobgoblins
  3 quokkas
  2 frilled lizards
  8 kobolds
  12 rats
101 creatures vanquished.

Vanquished Creatures (others)
  A plant (D:4)
1 creature vanquished.

Grand Total: 102 creatures vanquished

Notes
Turn   | Place    | Note
-------+----------+-------------------------------------------
     0 | D:1      | Gwenloh the Human Fighter began the quest for the Orb.
     0 | D:1      | Reached XP level 1. HP: 18/18 MP: 1/1
   289 | D:1      | Reached XP level 2. HP: 24/24 MP: 2/2
   985 | D:1      | Reached XP level 3. HP: 29/29 MP: 3/3
  1269 | D:2      | Noticed Sigmund
  1632 | D:2      | Killed Sigmund
  1633 | D:2      | Reached XP level 4. HP: 14/37 MP: 4/4
  1633 | D:2      | Reached XP level 5. HP: 17/42 MP: 5/5
  1875 | D:2      | Reached XP level 6. HP: 44/48 MP: 6/6
  3457 | D:3      | Found a faded altar of an unknown god.
  3756 | D:3      | Reached XP level 7. HP: 34/55 MP: 7/7
  4751 | D:4      | Identified the +2 helmet "Culyrhou" {-Tele rPois Str-3
                  | Int+9}
  5507 | D:4      | Reached skill level 5 in Fighting
  5507 | D:4      | Reached skill level 5 in Armour
  5507 | D:4      | Reached skill level 5 in Shields
  5507 | D:4      | Reached XP level 8. HP: 30/62 MP: 8/8
  5759 | D:5      | Entered Level 5 of the Dungeon
  5817 | D:5      | Noticed Pikel
  6233 | D:5      | Noticed a two-headed ogre
  6390 | D:4      | Slain by a gnoll

Illustrated notes

Levels and vault maps discovered:
D:1:      dpeg_arrival_refuge, layout_basic, minmay_rat_gold_closets
D:2:      layout_loops_cross, uniq_sigmund
D:3:      layout_loops_cross, basic_ecumenical_altar, kennysheep_orc_chapel
D:4:      layout_loops_ring, serial_bayou_pond_e
D:5:      layout_basic, minmay_temple_entry_drinking_statues,
          gup_sewer_entry_bowl, chequers_serial_rivers_small_3, uniq_pikel,
          uniq_eustachio

Skill      XL: |  1  2  3  4  5  6  7 |
---------------+----------------------+-----
Long Blades    | 3 4 |  4.9
Armour         | 4 5 |  5.4
Shields        | 4 5 |  5.3
Fighting       | 4 5 |  5.3
Dodging        | |  0.3

Action                   |  1- 3 |  4- 6 |  7- 9 || total
-------------------------+-------+-------+-------++-------
Melee: Long sword        |    66 |   144 |   176 ||   386
Throw: Stone             |    37 |    46 |    69 ||   152
  Use: Potion            |     1 |       |     2 ||     3
Armor: Scale mail        |    20 |    52 |    79 ||   151
Dodge: Dodged            |    22 |    41 |    52 ||   115
Block: Buckler           |    15 |     3 |       ||    18
       Kite shield       |       |    68 |    93 ||   161

Table legend: (Time is in decaauts)
 A = Elapsed time spent in this place.
 B = Non-inter-level travel time spent in this place.
 C = Inter-level travel time spent in this place.
 D = Time resting spent in this place.
 E = Time spent auto-exploring this place.
 F = Levels seen in this place.
 G = Mean time per level.
                   A        B        C        D        E       F      G
               +--------+--------+--------+--------+--------+-----+--------+
         Total |   6588 |   6376 |    212 |   1622 |   3287 |   5 | 1317.6 |
       Dungeon |   6588 |   6376 |    212 |   1622 |   3287 |   5 | 1317.6 |
               +--------+--------+--------+--------+--------+-----+--------+

Top non-repeatable levels by time:
     D:4: 1901 daAuts
     D:3: 1815 daAuts
     D:1: 1532 daAuts
     D:2: 1140 daAuts
     D:5: 199 daAuts
